 Dungeon Crawl Stone Soup version 0.21-a0-529-g8c7b3f5 (webtiles) character file.

2889 slep the Cleaver (level 9, -2/69 HPs)
             Began as a Demonspawn Gladiator on Dec 10, 2017.
             Was a Priest of Okawaru.
             Slain by a slave (6 damage)
             ... led by Pikel
             ... on level 8 of the Dungeon.
             The game lasted 00:26:58 (7087 turns).

slep the Cleaver (Demonspawn Gladiator)             Turns: 7087, Time: 00:26:59

Health: -2/69      AC:  3    Str: 16    XL:     9   Next: 48%
Magic:  9/9        EV: 13    Int: 11    God:    Okawaru [***...]
Gold:   363        SH:  0    Dex: 12    Spells: 8/8 levels left

rFire    + . .     SeeInvis +   a - +0 war axe
rCold    . . .     Gourm    .   (no shield)
rNeg     . . .     Faith    .   b - +0 leather armour
rPois    .         Spirit   .   (helmet unavailable)
rElec    .         Reflect  .   (no cloak)
rCorr    .         Harm     .   (no gloves)
MR       .....                  (no boots)
Stlth    ++........             (no amulet)
HPRegen  0.21/turn              r - +3 ring of slaying
MPRegen  0.11/turn              t - -3 ring of dexterity (curse)

@: no status effects
A: antennae 3, fire resistance 1, spiny 1
a: Heroism, Renounce Religion


You were on level 8 of the Dungeon.
You worshipped Okawaru.
Okawaru was most pleased with you.
You were hungry.

You visited 1 branch of the dungeon, and saw 8 of its levels.

You collected 363 gold pieces.

Inventory:

Hand Weapons
 a - a +0 war axe (weapon)
 q - a +0 hunting sling of velocity
 J - a +0 broad axe
 P - a +0 blowgun
 S - a +2 scimitar of flaming
Missiles
 d - a throwing net (quivered)
 I - 3 tomahawks
 Q - 8 poisoned needles
 R - 12 sling bullets
Armour
 b - a +0 leather armour (worn)
 c - a +0 helmet
 T - a +2 robe
Jewellery
 g - an uncursed ring of resist corrosion
 l - an uncursed ring of positive energy
 r - a +3 ring of slaying (left hand)
 t - a cursed -3 ring of dexterity (right hand)
 u - an uncursed ring of protection from fire
 D - a +2 ring of evasion {unknown}
 L - an uncursed ring of flight {unknown}
 U - a cursed ring of teleportation {unknown}
Wands
 x - a wand of enslavement (22)
Scrolls
 e - 5 scrolls of remove curse {unknown}
 h - 2 scrolls of blinking {unknown}
 i - 8 scrolls of identify {unknown}
 k - a scroll of fog {unknown}
 s - 3 scrolls of teleportation {unknown}
 w - 3 scrolls of enchant armour {unknown}
 y - 5 scrolls of fear {unknown}
 C - a scroll of magic mapping {unknown}
 N - a scroll of immolation {unknown}
Potions
 j - 3 potions of lignification
 m - a potion of resistance {unknown}
 p - 3 potions of brilliance {unknown}
 z - a potion of might {unknown}
 A - 3 potions of heal wounds {unknown}
 E - a potion of invisibility {unknown}
 G - a potion of mutation {unknown}
 H - 2 potions of haste {unknown}
 M - a potion of degeneration {unknown}
Books
 v - a book of Maledictions

   Spells                             Type                      Level
   a - Corona                         Hexes                        1
   b - Ensorcelled Hibernation        Hexes/Ice                    2
   c - Confuse                        Hexes                        3
   d - Tukima's Dance                 Hexes                        3
   e - Dazzling Spray                 Conjuration/Hexes            3
 F - a book of Changes

   Spells                             Type                      Level
   a - Beastly Appendage              Transmutation                1
   b - Sticks to Snakes               Transmutation                2
   c - Spider Form                    Transmutation/Poison         3
   d - Ice Form                       Ice/Transmutation            4
   e - Blade Hands                    Transmutation                5
 K - a book of Conjurations

   Spells                             Type                      Level
   a - Magic Dart                     Conjuration                  1
   b - Searing Ray                    Conjuration                  2
   c - Dazzling Spray                 Conjuration/Hexes            3
   d - Fulminant Prism                Conjuration/Hexes            4
   e - Force Lance                    Conjuration/Translocation    4
   f - Iskenderun's Mystic Blast      Conjuration                  4
 O - a book of Flames

   Spells                             Type                      Level
   a - Flame Tongue                   Conjuration/Fire             1
   b - Throw Flame                    Conjuration/Fire             2
   c - Conjure Flame                  Conjuration/Fire             3
   d - Inner Flame                    Hexes/Fire                   3
   e - Sticky Flame                   Conjuration/Fire             4
   f - Fireball                       Conjuration/Fire             5
Comestibles
 f - 2 bread rations
 o - 3 meat rations
 B - 7 fruits


   Skills:
 + Level 5.8 Fighting
 + Level 8.2 Axes
 + Level 3.1 Throwing
 + Level 4.0 Armour
 + Level 4.5 Dodging
 + Level 4.5 Stealth
 + Level 0.6 Evocations


You had 8 spell levels left.
You didn't know any spells.

Dungeon Overview and Level Annotations

Branches:
Dungeon (8/15)             Temple (0/1) D:6
   Lair: D:8-11

Altars:
Okawaru
Qazlal
Ru

Annotations:
D:8 Pikel


Innate Abilities, Weirdness & Mutations

You have a pair of large antennae on your head. (SInv)
Your flesh is heat resistant. (rF+)
You are partially covered in sharp spines.


Message History

* * * LOW HITPOINT WARNING * * *
Unknown command.
You feel better. Pikel closely misses you. The slave misses you.
The slave closely misses you.
You closely miss Pikel.
Pikel is lightly wounded.
You closely miss the slave. You barely miss the slave.
Pikel closely misses you. The slave is struck by your spines.
The slave hits you.
* * * LOW HITPOINT WARNING * * *
The slave closely misses you.
You closely miss Pikel.
Pikel is lightly wounded.
You closely miss the slave. You slash the slave!
Pikel is struck by your spines. Pikel hits you with a whip of freezing!
* * * LOW HITPOINT WARNING * * *
Pikel freezes you.
* * * LOW HITPOINT WARNING * * *
The slave hits you.
You die...

#.###.### #.##
#..... #.......#
#..##########.
######..####
##........# #.
#.....###########.#
#. ##.........#
#)###. ###.......#
#..##. #....(((..#
##...# {
.....##pK...(#
###.# #####
#@###### #.. #p#
### .p# ####


You could see Pikel and 3 slaves.

Vanquished Creatures
  A two-headed ogre (D:7)
  Erica (D:8)
  The ghost of Scypho the Chiller, an amateur NaIE (D:4)
  A slave (D:8)
  An ice beast (D:5)
  2 black bears
  An ogre (D:8)
  2 centaurs
  A big kobold (D:8)
  2 bullfrogs
  2 scorpions (D:6)
  A bullfrog zombie (D:5)
  2 crimson imps (D:5)
  2 hounds
  2 jellies
  A bullfrog skeleton (D:5)
  An orc priest (D:3)
  2 iguanas (D:4)
  5 orc wizards
  3 worker ants
  A hound skeleton (D:6)
  6 adders
  A shadow imp (D:6)
  2 adder zombies
  A worm (D:4)
  3 dart slugs
  5 leopard geckos
  12 orcs
  10 giant cockroaches
  9 goblins
  4 hobgoblins
  10 jackals
  8 kobolds
  2 quokkas
  3 ball pythons
  4 bats
  3 frilled lizards
  A giant cockroach zombie (D:5)
  2 rats (D:1)
121 creatures vanquished.

Notes
Turn   | Place    | Note
-------+----------+-------------------------------------------
     0 | D:1      | slep the Demonspawn Gladiator began the quest for the Orb.
     0 | D:1      | Reached XP level 1. HP: 16/16 MP: 1/1
   303 | D:1      | Gained mutation: You have a pair of small antennae on your head. [demonic ancestry]
   303 | D:1      | Reached XP level 2. HP: 19/22 MP: 2/2
   445 | D:1      | Reached skill level 3 in Axes
   644 | D:2      | Gained mutation: You have a pair of antennae on your head. [demonic ancestry]
   644 | D:2      | Reached XP level 3. HP: 14/28 MP: 3/3
   989 | D:2      | Reached skill level 1 in Armour
   998 | D:2      | Reached XP level 4. HP: 6/34 MP: 4/4
  1968 | D:3      | HP: 1/34 [orc priest/divine providence (17)]
  2268 | D:4      | Noticed Scypho's ghost (amateur NaIE)
  2289 | D:3      | Reached skill level 4 in Axes
  2764 | D:4      | Gained mutation: You are partially covered in sharp spines. [demonic ancestry]
  2764 | D:4      | Reached XP level 5. HP: 18/40 MP: 5/5
  2926 | D:4      | Found a sacrificial altar of Ru.
  3125 | D:5      | Entered Level 5 of the Dungeon
  3125 | D:5      | Found an iron altar of Okawaru.
  3132 | D:5      | Became a worshipper of Warmaster Okawaru
  3135 | D:5      | HP: 1/41 [bullfrog zombie (7)]
  3136 | D:5      | Reached XP level 6. HP: 1/47 MP: 6/6
  3306 | D:5      | Noticed an ice beast
  3313 | D:5      | Killed an ice beast
  3464 | D:5      | Reached skill level 1 in Stealth
  3687 | D:5      | Reached skill level 5 in Axes
  3787 | D:5      | Gained mutation: Your flesh is heat resistant. (rF+) [demonic ancestry]
  3787 | D:5      | Reached XP level 7. HP: 53/54 MP: 7/7
  4286 | D:4      | Killed Scypho's ghost
  4286 | D:4      | Reached * piety under Okawaru
  4574 | D:6      | Reached skill level 6 in Axes
  4714 | D:6      | Found a staircase to the Ecumenical Temple.
  4726 | D:6      | Gained mutation: You have a pair of large antennae on your head. (SInv) [demonic ancestry]
  4726 | D:6      | Reached XP level 8. HP: 52/61 MP: 8/8
  4798 | D:6      | Found a stormy altar of Qazlal.
  6093 | D:8      | Noticed a two-headed ogre
  6110 | D:7      | Killed a two-headed ogre
  6110 | D:7      | Reached ** piety under Okawaru
  6110 | D:7      | Reached *** piety under Okawaru
  6110 | D:7      | Reached skill level 5 in Fighting
  6110 | D:7      | Reached skill level 7 in Axes
  6324 | D:8      | Reached XP level 9. HP: 58/68 MP: 9/9
  6852 | D:8      | Noticed Erica
  6865 | D:8      | HP: 5/102 [Erica/bolt of poison (3)]
  6870 | D:8      | Killed Erica
  6870 | D:8      | Reached skill level 8 in Axes
  7070 | D:8      | Noticed Pikel
  7087 | D:8      | Slain by a slave

Vault maps used:
D:1:      dpeg_arrival_windows_large_door, kennysheep_small_spiral,
          minmay_misc_feat_encased
D:2:      first_bread, minmay_tetromino_i4
D:3:      kennysheep_minor_cross, bh_walls_and_bars
D:4:      nicolae_ru_sacrificial_ziggurat
D:5:      okawaru_gym_becter
D:6:      minmay_temple_entry_large_hall, nicolae_qazlal_eye_of_the_storm
D:8:      minmay_blocky_corners, uniq_pikel, uniq_erica

Skill      XL: |  1  2  3  4  5  6  7  8  9 |
---------------+----------------------------+-----
Axes           | 3 4 5 6 7 8 |  8.2
Dodging        | 3 4 |  4.5
Armour         | 1 2 3 4 |  4.0
Fighting       | 3 4 5 |  5.8
Stealth        | 1 3 4 |  4.5
Throwing       | 2 3 |  3.1
Evocations     | |  0.6

Action                   |  1- 3 |  4- 6 |  7- 9 || total
-------------------------+-------+-------+-------++-------
Melee: War axe           |    77 |   116 |   136 ||   329
 Fire: Blowgun           |       |       |    12 ||    12
Throw: Throwing net      |       |     1 |     2 ||     3
Evoke: Wand              |       |     3 |     1 ||     4
  Use: Potion            |       |       |     4 ||     4
 Stab: Sleeping          |     1 |       |     4 ||     5
       Held in net/web   |       |       |     2 ||     2
       Distracted        |       |       |     1 ||     1
  Eat: Chunk             |       |     9 |    10 ||    19
Armor: Leather armour    |    21 |    22 |    29 ||    72
       Skin              |       |       |     5 ||     5
Dodge: Dodged            |    63 |    60 |    89 ||   212

Table legend:
 A = Spawn XP
 B = Non-spawn XP
 C = Spawn XP percentage of total XP
 D = Spawn monster count
 E = Non-spawn monster count
 F = Spawn count percentage of total count
 G = Total turns spent on level
                    A         B        C        D         E        F      G
               +---------+---------+-------+---------+---------+-------+---------
         Total |       0 |    4128 |   0.0 |       0 |     120 |   0.0 |  7087
               +---------+---------+-------+---------+---------+-------+---------
           D:1 |       0 |      28 |   0.0 |       0 |      14 |   0.0 |   639
           D:2 |       0 |      89 |   0.0 |       0 |      20 |   0.0 |   904
           D:3 |       0 |      68 |   0.0 |       0 |      16 |   0.0 |   898
           D:4 |       0 |     344 |   0.0 |       0 |      10 |   0.0 |  1127
           D:5 |       0 |     416 |   0.0 |       0 |      15 |   0.0 |   911
           D:6 |       0 |     614 |   0.0 |       0 |      24 |   0.0 |   775
           D:7 |       0 |    1140 |   0.0 |       0 |       6 |   0.0 |  1056
           D:8 |       0 |    1429 |   0.0 |       0 |      15 |   0.0 |   777
               +---------+---------+-------+---------+---------+-------+---------
